 Dungeon Crawl Stone Soup version 0.20.0-15-g7f486f2 (webtiles) character file.

163 systemy the Skirmisher (level 5, 0/48 HPs)
             Began as a Minotaur Berserker on June 25, 2017.
             Was a Believer of Trog.
             Slain by an orc wizard
             ... wielding a +0 dagger
              (3 damage)
             ... on level 3 of the Dungeon.
             The game lasted 00:03:01 (2103 turns).

systemy the Skirmisher (Minotaur Berserker)         Turns: 2103, Time: 00:03:02

Health: 0/48       AC:  2    Str: 22    XL:     5   Next: 20%
Magic:  4/4        EV: 12    Int:  4    God:    Trog [**....]
Gold:   83         SH:  0    Dex: 10    Spells: 4/4 levels left

rFire    . . .     SeeInvis .   a - +0 hand axe
rCold    . . .     Gourm    .   (no shield)
rNeg     . . .     Faith    .   b - +0 animal skin
rPois    .         Spirit   .   (helmet restricted)
rElec    .         Reflect  .   (no cloak)
rCorr    .         Harm     .   (no gloves)
MR       .....                  (no boots)
Stlth    +.........             (no amulet)
Regen    0.2/turn               (no ring)
MPRegen  0.1/turn               (no ring)

@: berserk cooldown, slowed, very slow
A: retaliatory headbutt, horns 2
a: Berserk, Trog's Hand, Burn Spellbooks, Renounce Religion


You were on level 3 of the Dungeon.
You worshipped Trog.
Trog was pleased with you.
You were not hungry.

You visited 1 branch of the dungeon, and saw 3 of its levels.

You collected 83 gold pieces.

Inventory:

Hand Weapons
 a - a +0 hand axe (weapon)
Armour
 b - a +0 animal skin (worn)
 l - a +0 shield
Jewellery
 s - an uncursed ring of resist corrosion {unknown}
Wands
 p - a wand of acid (4/15)
Scrolls
 d - 3 scrolls of amnesia {unknown}
 g - 4 scrolls of immolation {unknown}
 h - a scroll of blinking {unknown}
 k - a scroll of fear {unknown}
 m - 2 scrolls of teleportation {unknown}
 o - 3 scrolls of enchant weapon {unknown}
 q - a scroll of magic mapping {unknown}
Potions
 e - a potion of magic {unknown}
 f - 2 potions of invisibility {unknown}
 i - a potion of lignification {unknown}
 t - a potion of flight {unknown}
Comestibles
 c - 4 bread rations
 j - 3 fruits
 n - a royal jelly
 r - a meat ration
 u - 2 chunks of flesh


   Skills:
 + Level 5.3 Fighting
 + Level 5.1 Axes
 + Level 2.8 Armour
 - Level 2.1 Dodging
 * Level 2.3 Shields


You had 4 spell levels left.
You didn't know any spells.

Dungeon Overview and Level Annotations

Branches:
Dungeon (3/15)

Altars:


Innate Abilities, Weirdness & Mutations

You reflexively headbutt those who attack you in melee.
You have a pair of horns on your head.


Message History

You barely miss the orc.
The orc is almost dead.
The orc hits you with a war axe!
* * * LOW HITPOINT WARNING * * *
You barely miss the orc. Your headbutt misses the orc.
The orc is almost dead.
The orc barely misses you.
You hit the orc.
You kill the orc!
Trog accepts your kill.
You closely miss something. Something hits you but does no damage.
Something hits you but does no damage. Something hits you.
* * * LOW HITPOINT WARNING * * *
Things that are here:
a war axe; a chain mail Something completely misses you.
Something hits you.
* * * LOW HITPOINT WARNING * * *
Something hits you.
You die...

..# #.. #. #.# ######.
#.# #...##. #####.#
#...... ..##.# #...##.
#.##.# ##.###.
#.##.##.### ##.#.##.
#....@...)#####.###.#.
#.......#.))...## ##..
####.#.########.###.#.
#.#.# #.#.##. #.#.#
###.###. #.#.#
#.....#. #.#.#
#.#.#.#. #.#.#
####.#.#.#.
..........).


There were no monsters in sight!

Vanquished Creatures
  An orc wizard (D:3)
  Terence (D:3)
  2 adders (D:2)
  2 worms (D:2)
  3 dart slugs
  3 leopard geckos
  4 orcs (D:3)
  2 giant cockroaches (D:2)
  11 hobgoblins
  6 kobolds
  A ball python (D:2)
  4 bats
  4 frilled lizards
  4 goblins
  3 rats
51 creatures vanquished.

Vanquished Creatures (others)
  An orc wizard (D:3)
1 creature vanquished.

Grand Total: 52 creatures vanquished

Notes
Turn   | Place    | Note
-------+----------+-------------------------------------------
     0 | D:1      | systemy the Minotaur Berserker began the quest for the Orb.
     0 | D:1      | Reached XP level 1. HP: 19/19 MP: 0/0
   628 | D:1      | Reached XP level 2. HP: 25/27 MP: 1/1
  1027 | D:2      | Reached XP level 3. HP: 18/33 MP: 2/2
  1188 | D:2      | Reached skill level 1 in Shields
  1426 | D:2      | Reached ** piety under Trog
  1825 | D:2      | Reached XP level 4. HP: 38/41 MP: 3/3
  2032 | D:3      | Noticed Terence
  2044 | D:3      | Killed Terence
  2075 | D:3      | Reached skill level 5 in Fighting
  2075 | D:3      | Reached skill level 5 in Axes
  2080 | D:3      | Reached XP level 5. HP: 43/48 MP: 4/4
  2103 | D:3      | Slain by an orc wizard

Skill      XL: |  1  2  3  4 |
---------------+-------------+-----
Axes           | 4 5 |  5.1
Fighting       | 4 5 |  5.3
Shields        | 1 2 |  2.3
Armour         | |  2.8
Dodging        | |  2.1

Action                   |  1- 3 |  4- 6 || total
-------------------------+-------+-------++-------
Melee: Hand axe          |    89 |    48 ||   137
       Headbutt          |    10 |     7 ||    17
Invok: Berserk           |       |     1 ||     1
 Stab: Sleeping          |     1 |     1 ||     2
  Eat: Chunk             |     3 |     2 ||     5
Armor: Animal skin       |    16 |     7 ||    23
Dodge: Dodged            |    64 |    23 ||    87
